Match 48544130
Unlisted

Match 48544130
End
Selects Australian Defense Battlegroup
Selects Australian Light Infantry Section
Australian Light Infantry Section
Construct Section Command Post
Dingo Light Scout Car
Australian Light Infantry Section
Infantry Section
Vickers Machine Gun Team
Construct Platoon Command Post
Selects 2-pounder Anti-tank Gun Team
Unlock M3 Stuart Light Tanks
2-pounder Anti-tank Gun Team
M3 Stuart Light Tank
6-pounder Anti-tank Gun Team
6-pounder Anti-tank Gun Team
Selects Vehicle Over Repair
Construct Company Command Post
Crusader II Medium Tank
Grenade Package
Crusader II Medium Tank
Selects CMP 15cwt Supply Run
6-pounder Anti-tank Gun Team
Crusader II Medium Tank
Crusader II Medium Tank
Selects Reinforced Resource Caches
Selects Charged Creeping Barrage
Charged Creeping Barrage
HIMYNAMEISHO
aka p.r.a.s.a.
Tomsch
Angrybirds
0
0

Comments sign in to comment!

No comments posted yet!